 Dungeon Crawl Stone Soup version 0.21.1-1-g345015f (webtiles) character file.

452 empire the Carver (level 6, -12/52 HPs)
             Began as a Minotaur Fighter on June 4, 2018.
             Was an Initiate of Cheibriados.
             Mangled by an ogre
             ... wielding a +0 giant club
              (17 damage)
             ... on level 5 of the Dungeon.
             The game lasted 00:06:55 (2847 turns).

empire the Carver (Minotaur Fighter)                Turns: 2847, Time: 00:06:57

Health: -12/52     AC: 12    Str: 28    XL:     6   Next: 75%
Magic:  5/5        EV:  6    Int:  6    God:    Cheibriados [......]
Gold:   235        SH: 10    Dex: 11    Spells: 5/5 levels left

rFire    . . .     SeeInvis .   a - +0 long sword
rCold    . . .     Gourm    .   c - +0 shield
rNeg     . . .     Faith    .   D - +0 chain mail
rPois    +         Spirit   .   (helmet restricted)
rElec    .         Reflect  .   (no cloak)
rCorr    .         Harm     .   K - +0 pair of gloves
MR       +....                  g - +0 pair of boots
Stlth    ..........             (no amulet)
HPRegen  0.17/turn              u - ring of protection from magic
MPRegen  0.09/turn              H - ring of poison resistance

@: mighty, very slow
A: retaliatory headbutt, horns 2
a: Bend Time, Renounce Religion


You were on level 5 of the Dungeon.
You worshipped Cheibriados.
Cheibriados was noncommittal.
You were not hungry.

You visited 1 branch of the dungeon, and saw 5 of its levels.
You also visited: Ossuary.

You collected 235 gold pieces.

Inventory:

Hand Weapons
 a - a +0 long sword (weapon)
 j - a +2 dagger of holy wrath
Armour
 c - a +0 shield (worn)
 g - a +0 pair of boots (worn)
 D - a +0 chain mail (worn)
 J - a +2 pair of boots of running
 K - a +0 pair of gloves (worn)
Jewellery
 n - a +2 amulet of reflection {unknown}
 u - a ring of protection from magic (left hand)
 G - an uncursed ring of flight
 H - a ring of poison resistance (right hand)
Wands
 y - a wand of iceblast (6)
 I - a wand of paralysis (11)
Scrolls
 i - a scroll of summoning {unknown}
 k - 6 scrolls of identify {unknown}
 l - 3 scrolls of teleportation {unknown}
 m - a scroll of fog {unknown}
 o - 3 scrolls of enchant weapon {unknown}
 p - 5 scrolls of remove curse
 t - a scroll of fear {unknown}
 v - a scroll of immolation {unknown}
 x - a scroll of amnesia {unknown}
 A - a scroll of enchant armour {unknown}
 B - a scroll of magic mapping {unknown}
Potions
 d - a potion of might
 e - a potion of mutation {unknown}
 h - a potion of agility {unknown}
 q - 2 potions of brilliance {unknown}
 r - a potion of degeneration {unknown}
 s - 3 potions of flight {unknown}
 w - a potion of ambrosia {unknown}
 z - 2 potions of heal wounds {unknown}
 C - a potion of lignification {unknown}
 E - a potion of berserk rage {unknown}
Comestibles
 f - 8 rations


   Skills:
 - Level 4.0 Fighting
 - Level 8.0 Long Blades
 + Level 4.6 Armour
 - Level 4.0 Shields


You had 5 spell levels left.
You didn't know any spells.

Dungeon Overview and Level Annotations

Branches:
Dungeon (5/15)
 Temple: D:4-7

Altars:
Cheibriados
Zin


Innate Abilities, Weirdness & Mutations

You reflexively headbutt those who attack you in melee.
You have a pair of horns on your head.


Message History

You block the worker ant's attack. The orc hits you but does no damage.
The orc barely misses you.
You riposte.
You hit the orc. Your headbutt misses the orc.
The orc is moderately wounded.
You block the ogre's attack. The worker ant barely misses you.
You slice the ogre!!
The ogre is severely wounded.
The orc hits you but does no damage. You block the worker ant's attack.
The orc hits you but does no damage. The ogre hits you with a giant club!
* * * LOW HITPOINT WARNING * * *
You feel better. The orc hits you but does no damage.
The worker ant bites you but does no damage.
The orc barely misses you.
You riposte.
You closely miss the orc.
The orc is moderately wounded.
You hit the ogre.
The ogre is almost dead.
You block the orc's attack. The worker ant bites you.
* * * LOW HITPOINT WARNING * * *
The ogre hits you with a giant club!
You die...

...#.### ..
..#...###.##.
#............
#|#..........
#............
#.######............
#...<...............
#####.#....ooa......
#.....).@O......
#..#.#####.#####
.....### .. ..###>##
... ..# ..# #..# .#
##.. . #.


You could see an ogre, a worker ant and 2 orcs.

Vanquished Creatures
  An elf zombie (Ossuary)
  A bullfrog (D:4)
  An orc priest (D:5)
  2 jellies
  An iguana (D:4)
  A worker ant (D:4)
  A big kobold zombie (Ossuary)
  2 mummies (Ossuary)
  4 adders
  An adder zombie (Ossuary)
  An ooze (D:1)
  3 worms
  3 dart slugs
  4 leopard geckos
  An orc (D:5)
  A ball python (D:3)
  4 bats
  A giant cockroach (D:2)
  4 goblins
  7 hobgoblins
  5 kobolds
  2 quokkas
  6 frilled lizards
  13 hobgoblin zombies (Ossuary)
  4 jackal zombies
  8 kobold zombies (Ossuary)
  8 orc zombies (Ossuary)
  2 rats
  2 rat zombies (Ossuary)
94 creatures vanquished.

Notes
Turn   | Place    | Note
-------+----------+-------------------------------------------
     0 | D:1      | empire the Minotaur Fighter began the quest for the Orb.
     0 | D:1      | Reached XP level 1. HP: 19/19 MP: 0/0
   196 | D:1      | Reached XP level 2. HP: 27/27 MP: 1/1
   649 | D:1      | Reached skill level 3 in Long Blades
   821 | D:2      | Reached XP level 3. HP: 30/33 MP: 2/2
  1340 | D:3      | Reached skill level 4 in Long Blades
  1445 | D:3      | Reached XP level 4. HP: 34/40 MP: 3/3
  1449 | D:3      | Reached skill level 5 in Long Blades
  1890 | D:4      | Found a sand-covered staircase.
  1902 | Ossuary  | Entered an ossuary
  2027 | Ossuary  | HP: 1/40 [mummy (12)]
  2029 | Ossuary  | Reached XP level 5. HP: 13/46 MP: 4/4
  2041 | Ossuary  | Reached skill level 6 in Long Blades
  2107 | Ossuary  | Reached skill level 7 in Long Blades
  2392 | D:4      | Found a snail-covered altar of Cheibriados.
  2397 | D:4      | Became a worshipper of Cheibriados the Contemplative
  2451 | D:4      | Reached XP level 6. HP: 44/52 MP: 5/5
  2489 | D:4      | Found a glowing silver altar of Zin.
  2554 | D:4      | Identified a +2 pair of boots of running (You found it on level 4 of the Dungeon)
  2814 | D:5      | Entered Level 5 of the Dungeon
  2841 | D:5      | Reached skill level 8 in Long Blades
  2847 | D:5      | Mangled by an ogre

Skill      XL: |  1  2  3  4  5  6 |
---------------+-------------------+-----
Fighting       | 4 |  4.0
Shields        | 4 |  4.0
Long Blades    | 3 4 5 7 8 |  8.0
Armour         | 4 |  4.6

Action                   |  1- 3 |  4- 6 || total
-------------------------+-------+-------++-------
Melee: Long sword        |    85 |   161 ||   246
       Headbutt          |    15 |    32 ||    47
  Use: Scroll            |     1 |     1 ||     2
       Potion            |       |     7 ||     7
  Eat: Chunk             |     2 |     1 ||     3
       Ration            |       |     1 ||     1
Armor: Scale mail        |    43 |    34 ||    77
       Chain mail        |       |    44 ||    44
Dodge: Dodged            |    25 |    36 ||    61
Block: Shield            |    42 |    74 ||   116
       Rpst.: Long sword |    12 |    19 ||    31
